 Dungeon Crawl Stone Soup version 0.32-a0-120-gfac0567ad4 (webtiles) character file.

Game seed: 15801126874186960257

4426 cforsyth the Thaumaturge (level 10, -3/77 HPs)
             Began as a Djinni Warper on Feb 6, 2024.
             Killed from afar by an electric eel (8 damage)
             ... with a bolt of electricity
             ... in a bailey.
             The game lasted 00:19:35 (10550 turns).

cforsyth the Thaumaturge (Djinni Warper)           Turns: 10550, Time: 00:19:36

Health: -3/77      AC:  0    Str: 12    XL:     10   Next: 62%
Gold:   441        EV: 12    Int: 28    God:
                   SH:  0    Dex: 11

rFire   + + .        q - +10 hand axe of Ynagisou {drain, rN+ Will+ Int+3}
rCold   x . .        (no shield)
rNeg    + + .        e - +0 steam dragon scales
rPois   ∞            (no helmet)
rElec   .            t - +1 cloak
rCorr   .            (no gloves)
SInv    .            (boots unavailable)
Will    ++...        (no amulet)
Stlth   +            N - ring of positive energy
HPRegen 0.32/turn    (no ring)
MPRegen 0.00/turn

%: infuse magic (-4 HP)
@: corroded, flying
A: sickness immunity, fire resistance 2, cold vulnerability 1, float, innate
caster, HP casting, extra vitality 1, clever 2, strong 1
a: no special abilities


You were in a bailey.
You visited 2 branches of the dungeon, and saw 10 of its levels.
You also visited: Sewer and Bailey.

You collected 483 gold pieces.
You spent 42 gold pieces at shops.


Innate Abilities, Weirdness & Mutations

You are immune to sickness and miasma.
You are immune to poison.
Your flesh is very heat resistant. (rF++)
You are vulnerable to cold. (rC-)
You float through the air rather than walking.
You learn spells naturally, not from books.
Your magical power is your life essence.
You have superior vitality. (+4 MHP)
Your mind is very acute. (Int +8, Str/Dex -2)
Your muscles are strong. (Str +4, Int/Dex -1)


   Skills:
 + Level 8.5 Fighting
 - Level 1.7 Long Blades
 - Level 0.7 Throwing
 - Level 1.0 Armour
 - Level 2.1 Dodging
 * Level 10.1 Spellcasting
 * Level 10.1 Conjurations
 * Level 10.1 Hexes
 * Level 10.1 Summonings
 * Level 10.1 Necromancy
 * Level 10.1 Translocations
 * Level 10.1 Fire Magic
 * Level 10.1 Ice Magic
 * Level 10.1 Air Magic
 * Level 10.1 Earth Magic
 * Level 10.1 Alchemy


You knew the following spells:

 Your Spells              Type           Power      Damage    Failure   Level
a - Summon Blazeheart Go  Fire/Summ      63%        N/A       1%          4
g - Gell's Gravitas       Tloc           63%        N/A       1%          3
l - Lesser Beckoning      Tloc           100%       N/A       1%          2
m - Manifold Assault      Tloc           63%        N/A       1%          4
t - Teleport Other        Tloc           63%        N/A       1%          3
B - Blink                 Tloc           100%       N/A       1%          2
X - Vhi's Electric Charg  Tloc/Air       100%       N/A       1%          4
Y - Necrotise             Necr           100%       1d9       1%          1
Z - Jinxbite              Hex            100%       N/A       1%          2
Your spell library was empty.

Inventory:

Hand Weapons
 q - the +10 hand axe of Ynagisou (weapon) {drain, rN+ Will+ Int+3}
   (You found it on level 2 of the Dungeon)

   Int+3:     It affects your intelligence (+3).
   rN+:       It protects you from negative energy.
   Will+:     It increases your willpower.
Missiles
 d - 7 darts of dispersal {=f=f}
 i - 43 poisoned darts
 y - a curare-tipped dart {=f=f}
Armour
 b - a +0 leather armour
 e - +0 steam dragon scales (worn)
 t - a +1 cloak (worn)
 B - the +6 chain mail "Gettum" {Rampage}
   (You took it off a kobold on level 8 of the Dungeon)

   Rampage:   It bestows one free step when moving towards enemies.
Jewellery
 n - a ring of positive energy
 o - an amulet of faith {!P!P}
 N - a ring of positive energy (left hand)
Wands
 r - a wand of mindburst (13)
 u - a wand of flame (11)
 v - a wand of roots (9)
Scrolls
 c - 2 scrolls of blinking
 k - a scroll of fear
Potions
 a - 3 potions of enlightenment
 f - a potion of berserk rage {!q!q}
 g - 3 potions of curing {@q1@q1}
 l - 3 potions of mutation
 m - a potion of resistance
 p - 2 potions of heal wounds {@q2@q2}
 s - a potion of ambrosia
 w - a potion of haste {@q3@q3}
 z - a potion of cancellation {unknown}
 A - a potion of might {unknown}

Dungeon Overview and Level Annotations

Branches:
Dungeon (9/15)             Temple (1/1) D:4           Sewer (visited)
 Bailey (1/1)
   Lair: D:8-11         Orc: D:9-12

Altars:
Ashenzari
Cheibriados
Dithmenos
Fedhas
Gozag
Makhleb
Nemelex Xobeh
Okawaru
Qazlal
Trog
Uskayaw
Wu Jian
Xom
Yredelemnul
Zin
The Shining One

Shops:
D:1 =*=   D:7 (

Annotations:
D:4 1 runed translucent door, MeridiaMaster's ghost, weakling DsRe
D:6 1 runed translucent door, Crazy Yiuf

########################
≈≈≈≈≈≈≈≈≈≈≈≈≈≈≈≈≈≈≈≈≈≈≈≈
≈≈≈≈≈≈≈≈≈≈≈≈≈≈≈≈≈≈≈≈≈≈≈≈
≈≈≈≈≈≈≈≈≈≈≈≈≈≈≈≈≈≈≈≈≈≈≈≈
≈≈≈≈≈≈≈≈≈≈≈≈≈≈≈≈≈≈≈≈≈≈≈≈
≈≈≈≈≈≈≈≈≈≈≈≈≈≈≈≈≈≈≈≈≈≈≈≈
≈≈≈≈≈≈≈≈≈≈≈≈≈≈≈≈@§§≈≈≈≈≈
≈≈≈≈≈≈≈≈≈≈≈≈≈≈≈≈≈≈≈§S≈≈≈
≈≈≈≈≈≈≈≈≈≈≈≈≈≈≈≈≈≈≈≈≈≈§≈
▒▒~)~~~~~~~~~~~▒▒▒▒▒▒≈≈≈
.'..........o..)..▒ ≈≈
.▒▒▒▒▒▒▒▒▒▒▒▒▒▒▒..▒+▒ ≈
.▒ +..).▒ .▒ ▒....▒ ▒▒
▒▒▒▒.▒


You could see an orc knight (very drained) and an electric eel (very drained).


Message History

You are too injured to fight recklessly!
Casting: Manifold Assault (mildly dangerous; 1% risk of failure)
Confirm with . or Enter, or press ? or * to list all spells.
Space momentarily warps into an impossible shape!
The orc knight shouts!
You hit the orc knight. You drain the orc knight. You slash the electric eel!
You drain the electric eel.
* * * LOW HITPOINT WARNING * * *
The electric eel shoots out a bolt of lightning at you!
The bolt of electricity hits you!
* * * LOW HITPOINT WARNING * * *
The electric eel shoots out a bolt of lightning at you!
The bolt of electricity hits you!
* * * LOW HITPOINT WARNING * * *
Casting: Manifold Assault (mildly dangerous; 1% risk of failure)
Confirm with . or Enter, or press ? or * to list all spells.
Space momentarily warps into an impossible shape!
You closely miss the electric eel. You barely miss the orc knight.
* * * LOW HITPOINT WARNING * * *
Casting: Manifold Assault (mildly dangerous; 1% risk of failure)
Confirm with . or Enter, or press ? or * to list all spells.
You don't have enough health to cast this spell.
Aiming: Throw Flame
Press: ? - help, Shift-Dir - straight line, f - electric eel
Aim: an electric eel (water, severely wounded, heavily drained, 48% to hit)
The puff of flame misses the electric eel.
The electric eel is engulfed in a cloud of scalding steam.
The electric eel shoots out a bolt of lightning at you!
The bolt of electricity hits you!
You die...

Skill      XL: |  1  2  3  4  5  6  7  8  9 10 |
---------------+-------------------------------+-----
Spellcasting   | 3 4 5 6 7 9 10 | 10.1
Conjurations   | 3 4 5 6 7 9 10 | 10.1
Hexes          | 3 4 5 6 7 9 10 | 10.1
Summonings     | 3 4 5 6 7 9 10 | 10.1
Necromancy     | 3 4 5 6 7 9 10 | 10.1
Translocations | 3 4 5 6 7 9 10 | 10.1
Fire Magic     | 3 4 5 6 7 9 10 | 10.1
Ice Magic      | 3 4 5 6 7 9 10 | 10.1
Air Magic      | 3 4 5 6 7 9 10 | 10.1
Earth Magic    | 3 4 5 6 7 9 10 | 10.1
Alchemy        | 3 4 5 6 7 9 10 | 10.1
Fighting       | 3 4 5 6 7 8 |  8.5
Long Blades    | |  1.7
Throwing       | |  0.7
Armour         | |  1.0
Dodging        | |  2.1

Action                     |  1- 3 |  4- 6 |  7- 9 | 10-12 || total
---------------------------+-------+-------+-------+-------++-------
  Melee: Falchion          |    56 |    13 |       |       ||    69
         Punch             |     2 |       |    11 |     2 ||    15
         Hand axe          |       |    18 |   219 |   136 ||   373
   Cast: Necrotise         |    48 |    85 |     9 |     1 ||   143
         Gell's Gravitas   |       |       |     2 |       ||     2
         Lesser Beckoning  |       |       |     1 |     2 ||     3
         Summon Blazeheart |       |       |     1 |       ||     1
         Manifold Assault  |       |       |       |    62 ||    62
 Invoke: Renounce Religion |       |     1 |       |       ||     1
  Evoke: Wand              |       |       |       |     3 ||     3
    Use: Potion            |       |     4 |       |     1 ||     5
         Scroll            |       |       |    13 |     5 ||    18
 Armour: Leather armour    |    52 |    48 |    72 |       ||   172
         Steam dragon scal |       |       |   142 |    45 ||   187
         Chain mail        |       |       |       |     7 ||     7
  Dodge: Dodged            |    58 |    42 |   194 |    33 ||   327

Levels and vault maps discovered:
D:1:      dpeg_arrival_radiant, layout_basic, serial_shops,
          nicolae_shop_tiny_statue_garden, nicolae_shop_waterfront, shop,
          minmay_pentomino_z2
D:2:      layout_loops_corners
D:3:      layout_basic, marbit_many_paths, nicolae_the_louvre
D:4:      layout_rooms, kennysheep_mini_moat, minmay_temple_entry_glassed_door,
          hellmonk_ghost_happy_afterlife, minmay_misc_feat_x
D:5:      layout_loops_corners, kennysheep_generic_room_3, uniq_grinder
D:6:      minmay_skewed_foursquare, layout_basic, portal_sewer_entry_d,
          uniq_crazy_yiuf_cottage
D:7:      layout_basic, kennysheep_mini, nicolae_yredelemnul_corpse_copse,
          serial_shops, nicolae_shop_bloodbath_and_beyond,
          serial_co_window_serial, co_window_corner_a,
          co_window_of_opportunity_a, co_window_cross_1,
          co_window_of_opportunity_a, co_window_corner_a, co_window_paths_b,
          co_window_paths_a, co_window_broadway_b, co_window_corner_cb,
          co_window_2corner, co_window_broadway_a, co_window_corner_b,
          co_window_of_opportunity_b, glass_columns_c, glass_columns_a,
          grunt_ministairs_10, nicolae_underground_beach
D:8:      layout_cave_pools, vehumet_crystals, eat_drink_and_be_merry_uskayaw
D:9:      lemuel_troll_bridge, layout_layer_cave, elyvilon_altar_5,
          lemuel_coloured_pillars_altar, hangedman_ru_absence, enter_bailey_4,
          serial_shops, shop
Temple:   hellmonk_temple_forest_ring
Bailey:   bailey_axe_of_yendor_kennysheep, bailey

Notes
Turn   | Place    | Note
-------+----------+-------------------------------------------
     0 | D:1      | cforsyth the Djinni Warper began the quest for the Orb.
     0 | D:1      | cforsyth set off with the following spells memorised:
                  | Blink, Lesser Beckoning, Teleport Other, Manifold Assault,
                  | Vhi's Electric Charge.
     0 | D:1      | Reached XP level 1. HP: 18/18 MP: 0/0
    35 | D:1      | Reached skill level 3 in Spellcasting
    35 | D:1      | Reached skill level 3 in Conjurations
    35 | D:1      | Reached skill level 3 in Hexes
    35 | D:1      | Reached skill level 3 in Summonings
    35 | D:1      | Reached skill level 3 in Necromancy
    35 | D:1      | Reached skill level 3 in Translocations
    35 | D:1      | Reached skill level 3 in Fire Magic
    35 | D:1      | Reached skill level 3 in Ice Magic
    35 | D:1      | Reached skill level 3 in Air Magic
    35 | D:1      | Reached skill level 3 in Earth Magic
    35 | D:1      | Reached skill level 3 in Alchemy
    77 | D:1      | Reached XP level 2. HP: 15/23 MP: 0/0
   218 | D:1      | You are sucked into a shaft and drop 1 floor!
   396 | D:1      | Found Xomnion's Assorted Antiques.
   400 | D:1      | Found Yzxegegg's Jewellery Boutique.
   429 | D:1      | Reached XP level 3. HP: 17/29 MP: 0/0
   429 | D:1      | Learned a level 1 spell: Necrotise
   703 | D:1      | Found Xuemm's Jewellery Boutique.
   780 | D:1      | Bought a smoky sapphire potion for 21 gold pieces
   780 | D:1      | Bought a metallic sapphire potion for 21 gold pieces
  1249 | D:2      | Identified the +10 hand axe of Ynagisou {drain, rN+ Will+
                  | Int+3}
  1544 | D:2      | Reached XP level 4. HP: 29/34 MP: 0/0
  2014 | D:3      | Found a broken altar of Ashenzari.
  2133 | D:3      | Reached skill level 3 in Fighting
  2249 | D:3      | Reached skill level 4 in Spellcasting
  2249 | D:3      | Reached skill level 4 in Conjurations
  2249 | D:3      | Reached skill level 4 in Hexes
  2249 | D:3      | Reached skill level 4 in Summonings
  2249 | D:3      | Reached skill level 4 in Necromancy
  2249 | D:3      | Reached skill level 4 in Translocations
  2249 | D:3      | Reached skill level 4 in Fire Magic
  2249 | D:3      | Reached skill level 4 in Ice Magic
  2249 | D:3      | Reached skill level 4 in Air Magic
  2249 | D:3      | Reached skill level 4 in Earth Magic
  2249 | D:3      | Reached skill level 4 in Alchemy
  2389 | D:3      | Reached XP level 5. HP: 39/40 MP: 0/0
  2389 | D:3      | Learned a level 2 spell: Jinxbite
  2863 | D:3      | Gained mutation: You sometimes lose your temper in combat.
                  | [potion of mutation]
  2863 | D:3      | Gained mutation: Your muscles are strong. (Str +4, Int/Dex
                  | -1) [potion of mutation]
  2863 | D:3      | Gained mutation: Your mind is acute. (Int +4, Str/Dex -1)
                  | [potion of mutation]
  2863 | D:3      | Gained mutation: You have hidden genetic potential. [potion
                  | of mutation]
  3260 | D:4      | Reached XP level 6. HP: 43/46 MP: 0/0
  3437 | D:4      | Found a staircase to the Ecumenical Temple.
  3479 | D:4      | Found a runed translucent door.
  3479 | D:4      | Noticed MeridiaMaster's ghost (weakling DsRe)
  3494 | D:4      | Reached skill level 5 in Spellcasting
  3494 | D:4      | Reached skill level 5 in Conjurations
  3494 | D:4      | Reached skill level 5 in Hexes
  3494 | D:4      | Reached skill level 5 in Summonings
  3494 | D:4      | Reached skill level 5 in Necromancy
  3494 | D:4      | Reached skill level 5 in Translocations
  3494 | D:4      | Reached skill level 5 in Fire Magic
  3494 | D:4      | Reached skill level 5 in Ice Magic
  3494 | D:4      | Reached skill level 5 in Air Magic
  3494 | D:4      | Reached skill level 5 in Earth Magic
  3494 | D:4      | Reached skill level 5 in Alchemy
  3549 | D:4      | Reached skill level 4 in Fighting
  3698 | D:4      | Found a bloodstained altar of Trog.
  3813 | Temple   | Entered the Ecumenical Temple
  3838 | Temple   | Became a worshipper of the Shining One
  3848 | D:4      | Fell from the grace of the Shining One
  3893 | D:5      | Entered Level 5 of the Dungeon
  3921 | D:5      | Noticed an ogre
  3948 | D:5      | Reached XP level 7. HP: 42/52 MP: 0/0
  3948 | D:5      | Learned a level 3 spell: Gell's Gravitas
  4088 | D:5      | Gained mutation: Your mind is very acute. (Int +8, Str/Dex
                  | -2) [hidden potential]
  4632 | D:5      | Noticed Grinder
  4637 | D:5      | Paralysed by Grinder for 5 turns
  4647 | D:5      | Paralysed by Grinder for 3 turns
  4653 | D:5      | Killed Grinder
  4654 | D:5      | Reached skill level 5 in Fighting
  4654 | D:5      | Reached skill level 6 in Spellcasting
  4654 | D:5      | Reached skill level 6 in Conjurations
  4654 | D:5      | Reached skill level 6 in Hexes
  4654 | D:5      | Reached skill level 6 in Summonings
  4654 | D:5      | Reached skill level 6 in Necromancy
  4654 | D:5      | Reached skill level 6 in Translocations
  4654 | D:5      | Reached skill level 6 in Fire Magic
  4654 | D:5      | Reached skill level 6 in Ice Magic
  4654 | D:5      | Reached skill level 6 in Air Magic
  4654 | D:5      | Reached skill level 6 in Earth Magic
  4654 | D:5      | Reached skill level 6 in Alchemy
  4654 | D:5      | Reached XP level 8. HP: 26/59 MP: 0/0
  4813 | D:5      | Lost mutation: You sometimes lose your temper in combat.
                  | [hidden potential]
  4813 | D:5      | Lost mutation: You have hidden genetic potential. [hidden
                  | potential expressed]
  5439 | D:6      | Found a runed translucent door.
  5439 | D:6      | Noticed Crazy Yiuf
  5547 | D:6      | Reached skill level 7 in Spellcasting
  5547 | D:6      | Reached skill level 7 in Conjurations
  5547 | D:6      | Reached skill level 7 in Hexes
  5547 | D:6      | Reached skill level 7 in Summonings
  5547 | D:6      | Reached skill level 7 in Necromancy
  5547 | D:6      | Reached skill level 7 in Translocations
  5547 | D:6      | Reached skill level 7 in Fire Magic
  5547 | D:6      | Reached skill level 7 in Ice Magic
  5547 | D:6      | Reached skill level 7 in Air Magic
  5547 | D:6      | Reached skill level 7 in Earth Magic
  5547 | D:6      | Reached skill level 7 in Alchemy
  5806 | D:6      | Found a glowing drain.
  5816 | Sewer    | Entered a sewer
  5865 | Sewer    | Reached skill level 6 in Fighting
  5873 | Sewer    | Reached XP level 9. HP: 65/66 MP: 0/0
  5873 | Sewer    | Learned a level 4 spell: Summon Blazeheart Golem
  5896 | Sewer    | Found a white marble altar of Elyvilon.
  6876 | D:7      | Found Lac Netui's Weapon Shoppe.
  6881 | D:7      | Reached skill level 8 in Spellcasting
  6881 | D:7      | Reached skill level 8 in Conjurations
  6881 | D:7      | Reached skill level 8 in Hexes
  6881 | D:7      | Reached skill level 8 in Summonings
  6881 | D:7      | Reached skill level 8 in Necromancy
  6881 | D:7      | Reached skill level 8 in Translocations
  6881 | D:7      | Reached skill level 8 in Fire Magic
  6881 | D:7      | Reached skill level 8 in Ice Magic
  6881 | D:7      | Reached skill level 8 in Air Magic
  6881 | D:7      | Reached skill level 8 in Earth Magic
  6881 | D:7      | Reached skill level 8 in Alchemy
  7383 | D:7      | Reached skill level 7 in Fighting
  7938 | D:7      | Found an ornate altar of the Wu Jian Council.
  8189 | D:7      | Found a basalt altar of Yredelemnul.
  8354 | D:7      | Reached skill level 9 in Spellcasting
  8354 | D:7      | Reached skill level 9 in Conjurations
  8354 | D:7      | Reached skill level 9 in Hexes
  8354 | D:7      | Reached skill level 9 in Summonings
  8354 | D:7      | Reached skill level 9 in Necromancy
  8354 | D:7      | Reached skill level 9 in Translocations
  8354 | D:7      | Reached skill level 9 in Fire Magic
  8354 | D:7      | Reached skill level 9 in Ice Magic
  8354 | D:7      | Reached skill level 9 in Air Magic
  8354 | D:7      | Reached skill level 9 in Earth Magic
  8354 | D:7      | Reached skill level 9 in Alchemy
  8354 | D:7      | Reached XP level 10. HP: 27/75 MP: 0/0
  9274 | D:8      | Identified a potion of resistance
  9612 | D:8      | Identified the +6 chain mail "Gettum" {Rampage}
  9863 | D:8      | Reached skill level 8 in Fighting
 10012 | D:8      | Found a hide-covered altar of Uskayaw.
 10178 | D:9      | HP: 2/76 [orc/boomerang (2)]
 10234 | D:9      | Found a flagged portal.
 10317 | Bailey   | Entered a bailey
 10485 | Bailey   | Reached skill level 10 in Spellcasting
 10485 | Bailey   | Reached skill level 10 in Conjurations
 10485 | Bailey   | Reached skill level 10 in Hexes
 10485 | Bailey   | Reached skill level 10 in Summonings
 10485 | Bailey   | Reached skill level 10 in Necromancy
 10485 | Bailey   | Reached skill level 10 in Translocations
 10485 | Bailey   | Reached skill level 10 in Fire Magic
 10485 | Bailey   | Reached skill level 10 in Ice Magic
 10485 | Bailey   | Reached skill level 10 in Air Magic
 10485 | Bailey   | Reached skill level 10 in Earth Magic
 10485 | Bailey   | Reached skill level 10 in Alchemy
 10522 | Bailey   | Noticed a kobold demonologist
 10524 | Bailey   | Noticed a rust devil
 10526 | Bailey   | Noticed an orc knight
 10530 | Bailey   | Killed a kobold demonologist
 10550 | Bailey   | Killed from afar by an electric eel

Vanquished Creatures
  A kobold demonologist (Bailey)
  Grinder (D:5)
  4 yaks (D:9)
  2 steam dragons
  A water moccasin (D:7)
  2 black bears
  4 orc warriors
  A sky beast (D:7)
  An ice beast (D:6)
  3 centaurs
  3 ogres
  4 kobold brigands
  A bullfrog (D:8)
  3 scorpions
  A water moccasin zombie (D:7)
  A howler monkey (D:5)
  An electric eel (Bailey)
  A bombardier beetle (D:6)
  2 centaur zombies (D:7)
  4 orc priests
  5 hounds
  A jelly (D:7)
  A gnoll bouda (D:6)
  A sleepcap (D:5)
  An iguana (D:5)
  11 orc wizards
  A killer bee zombie (D:7)
  4 howler monkey zombies (D:7)
  7 adders
  A river rat (Sewer)
  3 white imps (D:8)
  2 ufetubi (D:5)
  A dart slug (D:5)
  A ribbon worm (D:2)
  34 orcs
  10 endoplasms
  4 giant cockroaches
  8 goblins
  4 hobgoblins
  11 jackals
  23 kobolds
  5 quokkas
  6 ball pythons
  3 bats (D:1)
  3 frilled lizards
  9 rats
201 creatures vanquished.

Vanquished Creatures (collateral kills)
  An ogre (D:6)
  An adder (D:6)
  A jackal (D:3)
  A kobold (D:3)
  A ball python (D:1)
  A rat (D:1)
6 creatures vanquished.

Vanquished Creatures (others)
  A white imp (D:6)
  A blazeheart core (D:6)
2 creatures vanquished.

Grand Total: 209 creatures vanquished

Table legend: (Time is in decaauts)
 A = Elapsed time spent in this place.
 B = Non-inter-level travel time spent in this place.
 C = Inter-level travel time spent in this place.
 D = Time resting spent in this place.
 E = Time spent auto-exploring this place.
 F = Levels seen in this place.
 G = Mean time per level.
                   A        B        C        D        E       F      G
               +--------+--------+--------+--------+--------+-----+--------+
         Total |  10660 |  10298 |    362 |   1398 |   7120 |  12 |  888.3 |
       Dungeon |  10257 |   9904 |    353 |   1398 |   6849 |   9 | 1139.7 |
        Temple |     33 |     25 |      8 |      0 |      0 |   1 |   33.0 |
         Sewer |    129 |    129 |      0 |      0 |     79 |   1 |  129.0 |
        Bailey |    239 |    239 |      0 |      0 |    192 |   1 |  239.0 |
               +--------+--------+--------+--------+--------+-----+--------+

Top non-repeatable levels by time:
     D:7: 1876 daAuts
     D:6: 1485 daAuts
     D:5: 1446 daAuts
     D:3: 1394 daAuts
     D:8: 1259 daAuts
     D:2: 943 daAuts
     D:1: 927 daAuts
     D:4: 719 daAuts
  Bailey: 239 daAuts
     D:9: 205 daAuts
   Sewer: 129 daAuts
  Temple: 33 daAuts

Table legend:
 A = Non-vault XP
 B = Vault XP
 C = Vault XP percentage of total XP
 D = Non-vault monster count
 E = Vault monster count
 F = Vault count percentage of total count
                 A         B        C        D         E       F
            +---------+---------+-------+---------+---------+-------
      Total |    3807 |    2517 |  39.8 |     159 |      48 |  23.2
            +---------+---------+-------+---------+---------+-------
        D:1 |      47 |       3 |   6.0 |      29 |       2 |   6.5
        D:2 |      45 |       0 |   0.0 |      12 |       0 |   0.0
        D:3 |     162 |       3 |   1.8 |      24 |       1 |   4.0
        D:4 |     218 |       0 |   0.0 |      16 |       0 |   0.0
        D:5 |     733 |     258 |  26.0 |      24 |       1 |   4.0
        D:6 |     402 |     492 |  55.0 |       7 |       7 |  50.0
        D:7 |    1207 |     308 |  20.3 |      23 |      12 |  34.3
        D:8 |     791 |       0 |   0.0 |      23 |       0 |   0.0
        D:9 |     202 |     643 |  76.1 |       1 |       6 |  85.7
      Sewer |       0 |     133 | 100.0 |       0 |      13 | 100.0
     Bailey |       0 |     677 | 100.0 |       0 |       6 | 100.0
            +---------+---------+-------+---------+---------+-------
